[Event "GER-ch Youth U14W 2020"]
[Site "Willingen"]
[Date "2020.10.23"]
[Round "5.10"]
[White "Deák-Sala, Emília"]
[Black "Ulrich, Helena Irene"]
[Result "0-1"]
[ECO "B23"]
[WhiteElo "1641"]
[BlackElo "1610"]
[Annotator "NA RC"]
[PlyCount "110"]
[EventDate "2020.10.20"]
[EventType "swiss"]
[EventRounds "7"]
[EventCountry "GER"]
[SourceTitle "playchess.com"]
[Source "ChessBase"]
[SourceQuality "1"]
[TimeControl "40/5400+30:1800+30"]

1. e4 c5 2. Ne2 Nc6 3. Nbc3 d6 4. d3 g6 5. Be3 Bg7 6. h3 Nd4 7. Qd2 a6 8. Nd1 Nxe2 9. Bxe2 Nf6 10. g4 b5 11. Bh6 O-O 12. Bxg7 Kxg7 13. g5 Ne8 14. h4 d5 15. Qc3+ Kg8 16. Qxc5 dxe4 17. dxe4 Bb7 18. Bd3 Nd6 19. f3 Rc8 20. Qf2 Qa5+ 21. c3 Rfd8 22. Qh2 b4 23. h5 bxc3 24. Nxc3 Rxc3 25. bxc3 Qxc3+ 26. Ke2 Qb2+ 27. Ke3 Nf5+ 28. Kf4 Qxh2+ 29. Rxh2 Rxd3 30. exf5 Rxf3+ 31. Kg4 gxf5+ 32. Kh4 Rf4+ 33. Kg3 Rg4+ 34. Kf2 Rxg5 35. Rb1 Be4 36. Rb6 a5 37. Rb5 a4 38. Ra5 Bc2 39. Ke1 Rg1+ 40. Kd2 Be4 41. Rxa4 h6 42. Rb4 Ra1 43. Rb2 e5 44. Rh3 f4 45. a3 f3 46. Rg3+ Kf8 47. Ke3 Bd5 48. Kf2 Rxa3 49. Rg1 Ke7 50. Rb6 Ra2+ 51. Ke3 Re2+ 52. Kd3 Be4+ 53. Kc3 f2 54. Rf1 Bg2 55. Rxh6 Bxf1 0-1

[Event "GER-ch Youth U14W 2020"]
[Site "Willingen"]
[Date "2020.10.23"]
[Round "5.11"]
[White "Roncea, Andrea-Alexandra"]
[Black "Foos, Vanessa"]
[Result "1-0"]
[ECO "B03"]
[WhiteElo "1644"]
[BlackElo "1328"]
[Annotator "NA RC"]
[PlyCount "49"]
[EventDate "2020.10.20"]
[EventType "swiss"]
[EventRounds "7"]
[EventCountry "GER"]
[SourceTitle "playchess.com"]
[Source "ChessBase"]
[SourceQuality "1"]
[TimeControl "40/5400+30:1800+30"]

1. e4 Nf6 2. e5 Nd5 3. d4 d6 4. c4 Nb6 5. exd6 exd6 6. h3 g6 7. Nf3 Bg7 8. Be2 O-O 9. O-O Nc6 10. Nc3 Re8 11. b3 Qf6 12. Be3 Qe7 13. Rc1 Bf5 14. Bg5 f6 15. Be3 Rad8 16. d5 Ne5 17. Nd4 Bc8 18. Re1 Qd7 19. Ne6 Rxe6 20. dxe6 Qxe6 21. Bxb6 axb6 22. c5 Kf8 23. cxb6 c6 24. f4 Nf7 25. Bg4 1-0

[Event "GER-ch Youth U14W 2020"]
[Site "Willingen"]
[Date "2020.10.23"]
[Round "5.12"]
[White "Lieberwirth, Nele"]
[Black "Fischer, Darja"]
[Result "0-1"]
[ECO "D61"]
[WhiteElo "1366"]
[BlackElo "1598"]
[Annotator "NA RC"]
[PlyCount "90"]
[EventDate "2020.10.20"]
[EventType "swiss"]
[EventRounds "7"]
[EventCountry "GER"]
[SourceTitle "playchess.com"]
[Source "ChessBase"]
[SourceQuality "1"]
[TimeControl "40/5400+30:1800+30"]

1. d4 d5 2. c4 e6 3. Nc3 Nf6 4. Bg5 Nbd7 5. e3 Be7 6. Nf3 O-O 7. Qc2 c5 8. b3 b6 9. Bd3 h6 10. Bf4 Bb7 11. O-O a6 12. Rfd1 Rc8 13. Rab1 Nh5 14. Bg3 Nxg3 15. fxg3 cxd4 16. exd4 b5 17. c5 Nxc5 18. dxc5 Bxc5+ 19. Kh1 Bb4 20. Qe2 Bxc3 21. Ne5 Bxe5 22. Qxe5 Qc7 23. Qd4 e5 24. Qg4 e4 25. Be2 Qe5 26. Re1 Rfd8 27. Rbd1 Qg5 28. Qxg5 hxg5 29. Bg4 Rb8 30. h4 gxh4 31. gxh4 g6 32. Rd4 f5 33. Bh3 Rbc8 34. g3 Rc3 35. Rg1 Rdc8 36. Rd2 Rc2 37. Rgg2 Rxd2 38. Rxd2 e3 39. Re2 d4+ 40. Kh2 Be4 41. Bf1 Rc1 42. Kg1 Bd3 43. Kg2 Bxe2 44. Bxe2 Rc2 45. Kf3 Rxa2 0-1

[Event "GER-ch Youth U14W 2020"]
[Site "Willingen"]
[Date "2020.10.23"]
[Round "5.13"]
[White "Kanno, Clara Yumi"]
[Black "Alferova, Emily"]
[Result "0-1"]
[ECO "C45"]
[WhiteElo "1127"]
[BlackElo "1329"]
[Annotator "NA RC"]
[PlyCount "116"]
[EventDate "2020.10.20"]
[EventType "swiss"]
[EventRounds "7"]
[EventCountry "GER"]
[SourceTitle "playchess.com"]
[Source "ChessBase"]
[SourceQuality "1"]
[TimeControl "40/5400+30:1800+30"]

1. e4 e5 2. Nf3 Nc6 3. d4 exd4 4. Nxd4 Bc5 5. Be3 Qf6 6. c3 a6 7. Bc4 Ne5 8. Bb3 d6 9. h3 Qg6 10. Rg1 Qxe4 11. Bc2 Qh4 12. Nf3 Nxf3+ 13. Qxf3 Bxe3 14. Qxe3+ Qe7 15. Qxe7+ Nxe7 16. Nd2 Be6 17. O-O-O O-O-O 18. Kb1 h6 19. Rde1 Rde8 20. Re2 Ng6 21. Nb3 Nf4 22. Re4 Nd5 23. Rge1 Bd7 24. Nd4 Nf6 25. R4e3 Rxe3 26. Rxe3 Kd8 27. Bb3 d5 28. c4 c5 29. Nf3 d4 30. Re5 b6 31. Bc2 Be6 32. Bd3 Kc7 33. a4 Re8 34. Kc2 Kd6 35. b3 Bxc4 36. Rxe8 Bxd3+ 37. Kxd3 Nxe8 38. Nd2 b5 39. axb5 axb5 40. f3 f5 41. f4 Nf6 42. g4 fxg4 43. hxg4 Nxg4 44. Nf3 Kd5 45. Nh4 c4+ 46. bxc4+ bxc4+ 47. Kd2 Ke4 48. f5 c3+ 49. Kc2 Ne3+ 50. Kc1 Nxf5 51. Ng2 d3 52. Ne1 d2+ 53. Kd1 dxe1=Q+ 54. Kxe1 g5 55. Kd1 Kd3 56. Kc1 c2 57. Kb2 Kd2 58. Ka3 c1=Q+ 0-1

[Event "GER-ch Youth U14W 2020"]
[Site "Willingen"]
[Date "2020.10.23"]
[Round "6.1"]
[White "Zhou, Lepu Coco"]
[Black "Pohle, Saskia"]
[Result "0-1"]
[ECO "B53"]
[WhiteElo "1872"]
[BlackElo "1749"]
[Annotator "NA"]
[PlyCount "134"]
[EventDate "2020.10.20"]
[EventType "swiss"]
[EventRounds "7"]
[EventCountry "GER"]
[SourceTitle "playchess.com"]
[Source "ChessBase"]
[SourceQuality "1"]
[TimeControl "40/5400+30:1800+30"]

1. e4 c5 2. Nf3 d6 3. d4 cxd4 4. Qxd4 Nc6 5. Bb5 Bd7 6. Bxc6 Bxc6 7. Nc3 Nf6 8. Bg5 e6 9. O-O-O Be7 10. Qd3 Qa5 11. h4 h6 12. Be3 {[%emt 0:04:37] B53: Sicilian: 2...d6: Lines with Qxd4.} Qc7 13. Nd4 a6 {[%emt 0:00:08] [#]} 14. f4 $146 ({Predecessor:} 14. f3 b5 15. g4 Nd7 16. Nxc6 Qxc6 17. f4 Nc5 18. Qd4 e5 19. fxe5 Ne6 20. Qd5 Qxd5 21. exd5 Nc7 22. Ne4 O-O-O 23. Rhf1 Rhf8 24. exd6 {1-0 (24) Kasperek,J (1990)-Swieszek,D (1850) Rabka Zdroj 2007}) 14... O-O-O 15. f5 Bd7 16. Rhe1 e5 17. Nb3 Bc6 18. Nd5 Nxd5 19. exd5 Bb5 20. Qe4 Kb8 21. a4 Bd7 22. a5 $2 (22. Rd3 $11 Rc8 23. Rc3) 22... Rc8 23. Bf2 Qc4 24. Nd2 Qxe4 25. Nxe4 Bxf5 26. Nc3 Bd8 27. Rf1 Bxa5 {[%emt 0:04:08] [#]} 28. Be1 $2 (28. Bb6 $1 Bxb6 29. Rxf5) 28... Bg4 29. Rd3 f5 30. Rg3 Bd8 31. Rxg4 $2 (31. Ne4 {was called for.} Bc7 32. h5) 31... fxg4 32. Ne4 Be7 33. Rf7 Rc4 34. Nd2 Rc7 35. Rxg7 h5 36. Ne4 Bf8 37. Rg6 Rh6 38. Rg8 Rc8 39. Bd2 Rh7 40. Ng5 Rhc7 41. Bb4 Rxc2+ 42. Kb1 R2c4 43. Ba3 Ka7 44. b3 Rc3 45. Bb2 Be7 46. Rg7 R3c7 47. Ne6 Rd7 48. Bc1 b5 49. Bg5 Re8 50. Be3+ Kb8 51. Rh7 Rb7 52. Rxh5 Rc8 53. Kb2 a5 54. Bg5 Rg8 55. Bd2 a4 56. Rh6 Ka8 57. h5 e4 58. Bc3 e3 59. Rg6 $19 (59. Be1 $142) 59... Rxg6 60. hxg6 b4 61. Be1 Bf6+ 62. Kc2 a3 63. g7 Bxg7 64. Nxg7 Rxg7 65. Bxb4 Rc7+ 66. Kb1 e2 67. Ka2 Rc1 0-1

[Event "GER-ch Youth U14W 2020"]
[Site "Willingen"]
[Date "2020.10.23"]
[Round "6.2"]
[White "Werner, Rosalie"]
[Black "Bildat, Emilia"]
[Result "0-1"]
[ECO "B27"]
[WhiteElo "1688"]
[BlackElo "1704"]
[Annotator "NA"]
[PlyCount "52"]
[EventDate "2020.10.20"]
[EventType "swiss"]
[EventRounds "7"]
[EventCountry "GER"]
[SourceTitle "playchess.com"]
[Source "ChessBase"]
[SourceQuality "1"]
[TimeControl "40/5400+30:1800+30"]

1. e4 c5 2. Nf3 g6 3. d4 cxd4 4. Qxd4 Nf6 5. Nc3 Nc6 6. Qa4 d6 7. e5 dxe5 8. Nxe5 Bg7 9. Bb5 O-O 10. Nxc6 bxc6 11. Bxc6 Bd7 12. O-O Rc8 13. Bxd7 Qxd7 14. Qa6 Rc6 15. Qe2 Rb8 16. Rd1 Qc7 17. Rd3 e6 18. h3 Nd7 19. Nd1 Rxc2 20. Rxd7 Rxe2 21. Rxc7 Re1+ 22. Kh2 Be5+ 23. g3 Bxc7 24. Ne3 Bb6 25. Ng4 Rc8 26. Nf6+ Kh8 0-1

[Event "GER-ch Youth U14W 2020"]
[Site "Willingen"]
[Date "2020.10.23"]
[Round "6.3"]
[White "Becker, Linda"]
[Black "Wagner, Margarethe"]
[Result "1/2-1/2"]
[ECO "B24"]
[WhiteElo "1767"]
[BlackElo "1804"]
[Annotator "NA"]
[PlyCount "82"]
[EventDate "2020.10.20"]
[EventType "swiss"]
[EventRounds "7"]
[EventCountry "GER"]
[SourceTitle "playchess.com"]
[Source "ChessBase"]
[SourceQuality "1"]
[TimeControl "40/5400+30:1800+30"]

1. e4 c5 2. Nc3 Nc6 3. Bb5 Nd4 4. f4 e6 5. Nf3 Nxb5 6. Nxb5 {[%emt 0:00:09] B23: Closed Sicilian: Lines without g3.} a6 7. Nc3 Be7 8. O-O b5 9. d3 Bb7 {[%emt 0:01:18] [#]} 10. Bd2 $146 ({Predecessor:} 10. Qe1 Nf6 11. Qg3 Nh5 12. Qh3 Nf6 13. Bd2 c4 14. e5 Nd5 15. Ne4 Rc8 16. Nfg5 cxd3 {1-0 (35) Latorre,F (1818)-Paladines Pinzon,S (1118) Bogota 2018}) 10... d5 11. exd5 exd5 12. Re1 Nf6 13. Qe2 d4 14. Nd1 Bxf3 15. Qxf3 O-O 16. Nf2 Re8 17. Re2 Qd5 18. Ne4 Nxe4 19. Rxe4 Qd7 20. Rae1 $11 Bd6 21. f5 Rxe4 22. Qxe4 Rb8 23. Bg5 Qc7 24. h3 c4 25. f6 cxd3 26. cxd3 g6 27. Bh6 Qd7 28. Kh1 Bg3 29. Re2 a5 30. Bf4 Bxf4 31. Qxf4 Qd8 32. Re4 Rb6 33. Re7 Re6 34. Qh4 Qf8 35. Rxe6 fxe6 36. Qxd4 Kf7 37. Qd7+ Kxf6 38. Qxb5 Qd8 39. Qc4 Qb6 40. Qc3+ e5 41. b3 Qf2 1/2-1/2

[Event "GER-ch Youth U14W 2020"]
[Site "Willingen"]
[Date "2020.10.23"]
[Round "6.4"]
[White "Sereda, Yaroslava"]
[Black "Hubert, Charlotte"]
[Result "1/2-1/2"]
[ECO "B51"]
[WhiteElo "1756"]
[BlackElo "1438"]
[Annotator "NA"]
[PlyCount "67"]
[EventDate "2020.10.20"]
[EventType "swiss"]
[EventRounds "7"]
[EventCountry "GER"]
[SourceTitle "playchess.com"]
[Source "ChessBase"]
[SourceQuality "1"]
[TimeControl "40/5400+30:1800+30"]

1. e4 c5 2. Nf3 d6 3. Bb5+ Nd7 4. c3 a6 5. Ba4 Ngf6 6. Qe2 b5 7. Bc2 Bb7 8. O-O e5 9. d4 cxd4 10. cxd4 Be7 11. Rd1 Qc7 12. Bg5 O-O 13. a3 h6 14. Bh4 Rfe8 15. Nc3 Nf8 16. Bxf6 Bxf6 17. Bb3 Ne6 18. dxe5 dxe5 19. Rac1 Qb6 20. Rd7 Rad8 21. Rcd1 Rxd7 22. Rxd7 Rd8 23. Qd1 Rxd7 24. Qxd7 Qc6 25. Qd1 Nd4 26. Bd5 Qd7 27. Bxb7 Qxb7 28. Nd5 Qa7 29. Qd3 Qc5 30. Qd2 Qc4 31. Nxf6+ gxf6 32. Qxh6 Ne2+ 33. Kh1 Qc2 34. h3 1/2-1/2

[Event "GER-ch Youth U14W 2020"]
[Site "Willingen"]
[Date "2020.10.23"]
[Round "6.5"]
[White "Zöllner, Bente"]
[Black "Buchholz, Maja"]
[Result "1/2-1/2"]
[ECO "A48"]
[WhiteElo "1630"]
[BlackElo "1628"]
[Annotator "NA"]
[PlyCount "118"]
[EventDate "2020.10.20"]
[EventType "swiss"]
[EventRounds "7"]
[EventCountry "GER"]
[SourceTitle "playchess.com"]
[Source "ChessBase"]
[SourceQuality "1"]
[TimeControl "40/5400+30:1800+30"]

1. d4 Nf6 2. Nf3 g6 3. c4 Bg7 4. Nc3 O-O 5. e4 d6 6. h3 c5 7. d5 b5 8. cxb5 a6 9. Bd3 Qa5 10. Bd2 Nbd7 11. O-O axb5 12. Nxb5 Qb6 13. a4 Ba6 14. Qe2 Rfb8 15. Bc3 Bh6 16. Bd2 Bg7 17. Bc3 Bh6 18. Nd2 Bxd2 19. Bxd2 Ne5 20. Bh6 Nxd3 21. Qxd3 Rb7 22. Qc4 Rab8 23. b4 Bxb5 24. axb5 cxb4 25. Qxb4 Qxb5 26. Qxb5 Rxb5 27. f3 Nd7 28. Ra7 R5b7 29. Rfa1 f6 30. Rxb7 Rxb7 31. Ra8+ Nb8 32. Be3 Kg7 33. Kf2 Nd7 34. f4 h6 35. Kf3 g5 36. g3 Nc5 37. Bxc5 dxc5 38. Rc8 Rb3+ 39. Kg4 h5+ 40. Kxh5 Rxg3 41. fxg5 Rxg5+ 42. Kh4 Re5 43. Rxc5 Rxe4+ 44. Kg3 Kf7 45. h4 Kg6 46. Rb5 Re3+ 47. Kf4 Re5 48. Rb7 Kh5 49. Rd7 Re1 50. Kf5 Kxh4 51. Rxe7 Rxe7 52. Kxf6 Re1 53. d6 Rd1 54. Ke7 Kg5 55. d7 Re1+ 56. Kf7 Rf1+ 57. Ke7 Re1+ 58. Kf7 Rd1 59. Ke7 Re1+ 1/2-1/2

[Event "GER-ch Youth U14W 2020"]
[Site "Willingen"]
[Date "2020.10.23"]
[Round "6.6"]
[White "Pikki, Daria"]
[Black "Prinzen, Siri Marleen"]
[Result "0-1"]
[ECO "D35"]
[WhiteElo "1545"]
[BlackElo "1712"]
[Annotator "NA RC"]
[PlyCount "60"]
[EventDate "2020.10.20"]
[EventType "swiss"]
[EventRounds "7"]
[EventCountry "GER"]
[SourceTitle "playchess.com"]
[Source "ChessBase"]
[SourceQuality "1"]
[TimeControl "40/5400+30:1800+30"]

1. d4 d5 2. c4 e6 3. Nc3 Nf6 4. cxd5 exd5 5. Bg5 Be7 6. e3 h6 7. Bh4 Nbd7 8. Nf3 c6 9. Bd3 O-O 10. Qc2 Nh5 11. Bxe7 Qxe7 12. O-O Nb6 13. Rab1 Be6 14. Ne5 Nf6 15. b4 Nc4 16. Nxc4 dxc4 17. Be2 b5 18. a4 a6 19. Bf3 Nd5 20. Bxd5 Bxd5 21. Qb2 Qg5 22. e4 Be6 23. f3 Qe3+ 24. Kh1 Qxd4 25. Ra1 Rfd8 26. axb5 axb5 27. Qc1 Kh7 28. Rd1 Rxa1 29. Qxa1 Qxc3 30. Qxc3 Rxd1+ 0-1

[Event "GER-ch Youth U14W 2020"]
[Site "Willingen"]
[Date "2020.10.23"]
[Round "6.7"]
[White "Cordes, Jule"]
[Black "Voigt, Anastasia"]
[Result "0-1"]
[ECO "D55"]
[WhiteElo "1718"]
[BlackElo "1562"]
[Annotator "NA"]
[PlyCount "88"]
[EventDate "2020.10.20"]
[EventType "swiss"]
[EventRounds "7"]
[EventCountry "GER"]
[SourceTitle "playchess.com"]
[Source "ChessBase"]
[SourceQuality "1"]
[TimeControl "40/5400+30:1800+30"]

1. d4 d5 2. c4 e6 3. Nc3 Nf6 4. Nf3 Be7 5. Bg5 O-O 6. e3 c6 7. Qc2 Nbd7 8. cxd5 exd5 9. Bd3 Re8 10. O-O Nf8 11. Rab1 a5 12. Ne5 g6 13. f4 Ne6 14. Qf2 Ng7 15. h3 Bf5 16. Bxf5 Nxf5 17. g4 Nd6 18. Qg2 Nfe4 19. Nxe4 Nxe4 20. Bxe7 Qxe7 21. g5 Qe6 22. h4 b6 23. Rf3 c5 24. Rbf1 Nd6 25. Qd2 c4 26. Qh2 b5 27. h5 b4 28. hxg6 fxg6 29. Kf2 Rac8 30. Rh1 Rc7 31. Rh3 Ree7 32. Rh6 Rg7 33. Ke2 Nf5 34. Rh3 a4 35. Rc1 Qa6 36. Kd2 a3 37. b3 cxb3 38. Qg1 bxa2 39. Ng4 Nd6 40. Nf6+ Kh8 41. Qd1 Ne4+ 42. Ke1 Nc3 43. Qd2 Qe2+ 44. Qxe2 Nxe2 0-1

[Event "GER-ch Youth U14W 2020"]
[Site "Willingen"]
[Date "2020.10.23"]
[Round "6.8"]
[White "Ulrich, Helena Irene"]
[Black "Wörz, Ann-Sophie"]
[Result "1/2-1/2"]
[ECO "B07"]
[WhiteElo "1610"]
[BlackElo "1473"]
[Annotator "NA"]
[PlyCount "44"]
[EventDate "2020.10.20"]
[EventType "swiss"]
[EventRounds "7"]
[EventCountry "GER"]
[SourceTitle "playchess.com"]
[Source "ChessBase"]
[SourceQuality "1"]
[TimeControl "40/5400+30:1800+30"]

1. e4 d6 2. d4 Nf6 3. Nc3 c6 4. f4 Qa5 5. Bd3 e5 6. Nf3 Nbd7 7. Be3 Ng4 8. Bd2 Qc7 9. h3 Ngf6 10. Be3 Be7 11. Qd2 b5 12. dxe5 dxe5 13. g4 Bb7 14. Ne2 O-O 15. O-O-O a6 16. Ng3 Rfd8 17. g5 Ne8 18. f5 Nc5 19. Qc3 Na4 20. Qe1 c5 21. c4 Bf8 22. Rg1 Nb6 1/2-1/2

[Event "GER-ch Youth U14W 2020"]
[Site "Willingen"]
[Date "2020.10.23"]
[Round "6.9"]
[White "Fischer, Darja"]
[Black "Petersen, Sophie"]
[Result "1-0"]
[ECO "D60"]
[WhiteElo "1598"]
[BlackElo "1524"]
[Annotator "NA"]
[PlyCount "73"]
[EventDate "2020.10.20"]
[EventType "swiss"]
[EventRounds "7"]
[EventCountry "GER"]
[SourceTitle "playchess.com"]
[Source "ChessBase"]
[SourceQuality "1"]
[TimeControl "40/5400+30:1800+30"]

1. d4 d5 2. c4 e6 3. Nc3 Nf6 4. Bg5 Be7 5. e3 O-O 6. Nf3 Nbd7 7. cxd5 exd5 8. Bd3 Re8 9. Qc2 Nf8 10. Bxf6 Bxf6 11. O-O-O c6 12. Rdg1 b5 13. g4 a5 14. h4 g6 15. g5 Bg7 16. Ne1 a4 17. Rg3 Bd7 18. a3 Qa5 19. Na2 Bxd4 20. h5 c5 21. Kd1 Be5 22. f4 c4 23. fxe5 cxd3 24. Nxd3 Bf5 25. Nab4 Rac8 26. Qf2 Qa8 27. h6 d4 28. Rf1 dxe3 29. Rxe3 Ne6 30. Kd2 Nxg5 31. Qh4 f6 32. exf6 Qg2+ 33. Qf2 Qxf2+ 34. Nxf2 Kf7 35. Rxe8 Rxe8 36. Nc6 Kxf6 37. Nd4 1-0

[Event "GER-ch Youth U14W 2020"]
[Site "Willingen"]
[Date "2020.10.23"]
[Round "6.10"]
[White "Lorenz, Anouk"]
[Black "Roncea, Andrea-Alexandra"]
[Result "0-1"]
[ECO "C44"]
[WhiteElo "1504"]
[BlackElo "1644"]
[Annotator "NA"]
[PlyCount "98"]
[EventDate "2020.10.20"]
[EventType "swiss"]
[EventRounds "7"]
[EventCountry "GER"]
[SourceTitle "playchess.com"]
[Source "ChessBase"]
[SourceQuality "1"]
[TimeControl "40/5400+30:1800+30"]

1. e4 e5 2. Nf3 Nc6 3. d4 exd4 4. Bc4 Bc5 5. Ng5 Nh6 6. Nxf7 Nxf7 7. Bxf7+ Kxf7 8. Qh5+ g6 9. Qxc5 d6 10. Qb5 Re8 11. O-O Kg7 12. Bg5 Qd7 13. f4 Rxe4 14. Nd2 Re8 15. Rf3 Qf5 16. Qb3 Re2 17. Rd1 Na5 18. Qa4 Nc6 19. h3 Bd7 20. g4 Qd5 21. Rf2 Re3 22. Qc4 Qxc4 23. Nxc4 Rxh3 24. Kg2 Bxg4 25. Re1 h6 26. Be7 Kf7 27. Bxd6 cxd6 28. Nxd6+ Kf8 29. Nxb7 Re3 30. Rb1 Nb4 31. a3 Nd5 32. Kg1 Ke7 33. Rd2 Nxf4 34. Kf1 Rf3+ 35. Kg1 Ne6 36. a4 Rf5 37. b4 Bf3 38. Na5 Rb8 39. Nc4 Bd5 40. Na3 Rg5+ 41. Kh2 a6 42. b5 axb5 43. Nxb5 Bc6 44. Re1 Bxb5 45. axb5 Rbxb5 46. Rxd4 Rh5+ 47. Kg3 Rbg5+ 48. Rg4 Rxg4+ 49. Kxg4 Rc5 0-1

[Event "GER-ch Youth U14W 2020"]
[Site "Willingen"]
[Date "2020.10.23"]
[Round "6.11"]
[White "Schulz, Hannah"]
[Black "Deák-Sala, Emília"]
[Result "1-0"]
[ECO "B28"]
[WhiteElo "1589"]
[BlackElo "1641"]
[Annotator "NA"]
[PlyCount "171"]
[EventDate "2020.10.20"]
[EventType "swiss"]
[EventRounds "7"]
[EventCountry "GER"]
[SourceTitle "playchess.com"]
[Source "ChessBase"]
[SourceQuality "1"]
[TimeControl "40/5400+30:1800+30"]

1. e4 c5 2. Nf3 a6 3. c3 e6 4. d4 d5 5. e5 Bd7 6. Bd3 cxd4 7. cxd4 Bb5 8. Bc2 Ne7 9. Nc3 Qc7 10. a4 Bd7 11. O-O Nbc6 12. Bd2 f6 13. Re1 f5 14. Ne2 h6 15. b4 Na7 16. Qb1 b6 17. Rc1 Qb7 18. Bd3 g5 19. Ra2 Rc8 20. Rxc8+ Nexc8 21. b5 a5 22. Rc2 Be7 23. Qc1 Bd8 24. Ng3 O-O 25. Nh5 Be8 26. Nf6+ Bxf6 27. exf6 Qf7 28. Rxc8 Nxc8 29. Qxc8 Bxb5 30. Qc2 Bxd3 31. Qxd3 Qxf6 32. Qb5 Qd8 33. Ne5 Qc7 34. Qd7 Qxd7 35. Nxd7 Rc8 36. Nxb6 Rc2 37. Be1 Rc1 38. Kf1 Rd1 39. Ke2 Rxd4 40. Bxa5 Kf7 41. Bc3 Re4+ 42. Kd3 f4 43. a5 f3 44. gxf3 Rf4 45. Bd2 Rxf3+ 46. Be3 Kg6 47. a6 Rf7 48. Na4 Rf8 49. a7 Ra8 50. Nc3 Kf5 51. Nb5 Rd8 52. Bb6 Rg8 53. Nd4+ Kf6 54. Nc6 Ra8 55. Bc7 h5 56. Kd4 Kf5 57. Bb8 Kg4 58. Ne5+ Kh3 59. Nf3 g4 60. Ng5+ Kg2 61. Nxe6 Kxf2 62. Nf4 Kg1 63. Nxh5 Rxa7 64. Bxa7 Kxh2 65. Bb8+ Kg2 66. Kxd5 Kf3 67. Kd4 g3 68. Nxg3 Kf2 69. Ke4 Kg2 70. Ke3 Kg1 71. Kf3 Kh2 72. Ne2+ Kh1 73. Ba7 Kh2 74. Ng3 Kh3 75. Bg1 Kh4 76. Ne4 Kh3 77. Ng5+ Kh4 78. Kf4 Kh5 79. Kf5 Kh4 80. Bf2+ Kh5 81. Ne6 Kh6 82. Bd4 Kh5 83. Bf6 Kh6 84. Bg5+ Kh7 85. Kf6 Kh8 86. Kf7 1-0

[Event "GER-ch Youth U14W 2020"]
[Site "Willingen"]
[Date "2020.10.23"]
[Round "6.12"]
[White "Foos, Vanessa"]
[Black "Lieberwirth, Nele"]
[Result "1-0"]
[ECO "C57"]
[WhiteElo "1328"]
[BlackElo "1366"]
[Annotator "NA"]
[PlyCount "97"]
[EventDate "2020.10.20"]
[EventType "swiss"]
[EventRounds "7"]
[EventCountry "GER"]
[SourceTitle "playchess.com"]
[Source "ChessBase"]
[SourceQuality "1"]
[TimeControl "40/5400+30:1800+30"]

1. e4 e5 2. Nf3 Nc6 3. Bc4 Nf6 4. Ng5 d5 5. exd5 Nd4 6. c3 Nf5 7. Qe2 Bd6 8. O-O O-O 9. d3 Re8 10. Ne4 Be7 11. Nxf6+ Bxf6 12. Re1 Ne7 13. Qf3 Bf5 14. Nd2 Bg6 15. Ne4 Nf5 16. b3 a6 17. a4 Rb8 18. b4 Be7 19. Bb2 Nd6 20. Nxd6 Qxd6 21. Ba3 Bf6 22. b5 Qd8 23. Rac1 Be7 24. Bxe7 Qxe7 25. bxa6 bxa6 26. Bxa6 e4 27. Qg3 Qf6 28. dxe4 Qxa6 29. Qxc7 Qxa4 30. f3 Rbc8 31. Qb6 Qa3 32. Qd4 Qc5 33. Qxc5 Rxc5 34. d6 Rd8 35. e5 Bf5 36. g4 Be6 37. h3 Rc4 38. Kg2 h6 39. h4 Kf8 40. Kg3 g5 41. hxg5 hxg5 42. Rh1 Kg7 43. Rh5 Kg6 44. Rch1 Rg8 45. Rh7 Bxg4 46. fxg4 Rxc3+ 47. Kf2 Rc2+ 48. Ke3 Rc3+ 49. Kd2 1-0

[Event "GER-ch Youth U14W 2020"]
[Site "Willingen"]
[Date "2020.10.23"]
[Round "6.13"]
[White "Sinner, Joselyne"]
[Black "Kanno, Clara Yumi"]
[Result "1-0"]
[ECO "B50"]
[WhiteElo "1414"]
[BlackElo "1127"]
[Annotator "NA"]
[PlyCount "69"]
[EventDate "2020.10.20"]
[EventType "swiss"]
[EventRounds "7"]
[EventCountry "GER"]
[SourceTitle "playchess.com"]
[Source "ChessBase"]
[SourceQuality "1"]
[TimeControl "40/5400+30:1800+30"]

1. e4 c5 2. Nf3 d6 3. Nc3 a6 4. a4 Nf6 5. Bc4 Nc6 6. d4 cxd4 7. Nxd4 e6 8. Bg5 Be7 9. O-O Qc7 10. Be2 O-O 11. Nb3 b6 12. Be3 Bb7 13. f4 Rad8 14. Qe1 Nb4 15. Bd3 Ng4 16. Bd2 d5 17. Nxd5 Nxd5 18. exd5 exd5 19. Qg3 Nf6 20. Kh1 Rfe8 21. Nd4 Bf8 22. Qg5 a5 23. Rf3 Rd6 24. Nb5 Qd7 25. Nxd6 Qxd6 26. Rh3 Ne4 27. Bxe4 dxe4 28. f5 Qe5 29. Bc3 f6 30. Qh5 Qd5 31. Rd1 Qc6 32. Qxh7+ Kf7 33. Qg6+ Ke7 34. Rh7 Qc4 35. Bxf6# 1-0

[Event "GER-ch Youth U14W 2020"]
[Site "Willingen"]
[Date "2020.10.24"]
[Round "7.2"]
[White "Bildat, Emilia"]
[Black "Becker, Linda"]
[Result "0-1"]
[ECO "A20"]
[WhiteElo "1704"]
[BlackElo "1767"]
[Annotator "NA RC"]
[PlyCount "84"]
[EventDate "2020.10.20"]
[EventType "swiss"]
[EventRounds "7"]
[EventCountry "GER"]
[SourceTitle "playchess.com"]
[Source "ChessBase"]
[SourceQuality "1"]
[TimeControl "40/5400+30:1800+30"]

1. c4 e5 2. g3 Nc6 3. Bg2 f5 4. Nc3 Nf6 5. d3 Bb4 6. Bd2 O-O 7. e3 Bxc3 8. bxc3 d6 9. Rb1 Qe8 10. Nh3 Kh8 11. O-O Rb8 12. f4 e4 13. d4 b6 14. Qa4 Bd7 15. Qd1 Na5 16. c5 dxc5 17. dxc5 Bb5 18. Re1 Bd3 19. Rb2 Nc4 20. Rb3 Rd8 21. cxb6 cxb6 22. Rb4 Nd5 23. Rb3 Nc7 24. Nf2 Nxd2 25. Qxd2 Bc4 26. Qc2 Bxb3 27. axb3 Rf7 28. Rd1 Rxd1+ 29. Nxd1 Rd7 30. Nb2 Qd8 31. Nc4 Rd1+ 32. Bf1 b5 33. Ne5 Qd2 34. Qxd2 Rxd2 35. c4 a6 36. cxb5 axb5 37. Nc6 Rb2 38. Nd4 g6 39. h4 Nd5 40. Bxb5 Nxe3 41. Be2 Rd2 42. Kf2 Ng4+ 0-1